 Dungeon Crawl Stone Soup version 0.28-a0-1555-g9ae15a6949 (webtiles) character file.

Game seed: 7308768080161848557

366 a3don the Covered (level 6, -11/40 HPs)
             Began as a Gargoyle Fighter on Jan 19, 2022.
             Mangled by an ogre (13 damage)
             ... on level 3 of the Dungeon.
             The game lasted 00:06:55 (4167 turns).

a3don the Covered (Gargoyle Fighter)                Turns: 4167, Time: 00:06:56

Health: -11/40     AC: 15    Str: 21    XL:     6   Next: 68%
Magic:  6/6        EV:  7    Int:  9    God:
Gold:   38         SH:  4    Dex:  9    Spells: 5/5 levels left

rFire   . . .      SeeInvis .   a - +0 flail
rCold   . . .      Faith    .   c - +0 buckler
rNeg    + . .      Spirit   .   f - +0 chain mail
rPois   ∞          Reflect  .   (no helmet)
rElec   +          Harm     .   i - scarf {repulsion}
rCorr   .          Rampage  .   (no gloves)
Will    .....                   s - +0 pair of boots
Stlth   ..........              (no amulet)
HPRegen 0.13/turn               (no ring)
MPRegen 0.10/turn               (no ring)

@: repel missiles
A: sickness immunity, AC +4, negative energy resistance 1, electricity
resistance, torment resistance 1, petrification resistance
a: no special abilities


You were on level 3 of the Dungeon.
You visited 1 branch of the dungeon, and saw 4 of its levels.

You collected 153 gold pieces.
You spent 115 gold pieces at shops.

Inventory:

Hand Weapons
 a - a +0 flail (weapon)
 n - a +0 mace of holy wrath
Armour
 c - a +0 buckler (worn)
 f - a +0 chain mail (worn)
 i - a scarf of repulsion (worn)
 s - a +0 pair of boots (worn)
Wands
 d - a wand of mindburst (9)
 r - a wand of polymorph (10)
Scrolls
 b - a scroll of enchant weapon {unknown}
 j - a scroll of vulnerability {unknown}
 k - 3 scrolls of identify {unknown}
 m - a scroll of magic mapping {unknown}
 p - a scroll of fear {unknown}
 t - a scroll of enchant armour
Potions
 e - 2 potions of attraction {unknown}
 g - a potion of berserk rage {unknown}
 h - a potion of brilliance {unknown}
 l - 2 potions of curing
 o - 2 potions of heal wounds {unknown}
 q - a potion of mutation {unknown}


   Skills:
 + Level 4.8 Fighting
 + Level 3.7 Maces & Flails
 + Level 4.9 Armour
 + Level 4.9 Shields


You had 5 spell levels left.
You didn't know any spells.
Your spell library contained the following spells:

 Spells                   Type           Power      Damage    Failure   Level
 Summon Small Mammal      Summ           0%         N/A       99%         1
 Call Canine Familiar     Summ           0%         N/A       100%        3
 Summon Guardian Golem    Hex/Summ       0%         N/A       100%        3


Dungeon Overview and Level Annotations

Branches:
Dungeon (4/15)
 Temple: D:4-7

Altars:

Shops:
D:3 *   D:4 (


Innate Abilities, Weirdness & Mutations

You are immune to sickness and miasma.
Your stone body is resilient. (AC +4)
You are immune to poison.
You resist negative energy. (rN+)
You are resistant to electric shocks. (rElec)
You are resistant to unholy torment.
You are immune to petrification.


Message History

A goblin comes into view. It is wielding a +0 club.
The goblin shouts!
There is a stone staircase leading up here.
You climb upwards.
There is a stone staircase leading down here.
You start resting.
HP restored.
You climb downwards.
You hear the hiss of flowing sand.
There is an entrance to an ossuary on this level.
Hurry and find it before the portal is buried!
The walls and floor vibrate strangely for a moment.
The ogre barely misses you. The goblin hits you but does no damage.
You block the goblin's attack. The ogre hits you with a +0 giant club.
There is a stone staircase leading up here.
The goblin barely misses you.
You climb upwards.
There is a stone staircase leading down here.
You thump the goblin!
You kill the goblin!
The ogre hits you with a +0 giant club!
Unknown command.
You thump the ogre!
The ogre is moderately wounded.
The ogre hits you with a +0 giant club!
* * * LOW HITPOINT WARNING * * *
You hit the ogre but do no damage.
The ogre is moderately wounded.
The ogre hits you with a +0 giant club.
* * * LOW HITPOINT WARNING * * *
You thump the ogre!
The ogre is severely wounded.
The ogre closely misses you.
You hit the ogre.
The ogre is severely wounded.
The ogre hits you with a +0 giant club.
* * * LOW HITPOINT WARNING * * *
You barely miss the ogre.
The ogre is severely wounded.
The ogre hits you with a +0 giant club!
You die...

.###.#.##.≈.##.#.#####≈..♣.......
.# #.#...#≈###...#####...........
.# #######≈####..................
.# #...#≈#.##..................
.# #...###.....................
.# #.......##..................
.# #......>##........####......
## #.....†.##)O).....# #......
#.......###@####### #######
#.......# ### #.......# #.......#
#.......# #########


You could see an ogre.

Vanquished Creatures
  A centaur (D:3)
  A centaur skeleton (D:4)
  A jelly (D:4)
  An orc wizard (D:3)
  Ijyb (D:3)
  A hound skeleton (D:3)
  4 gnolls
  3 adders
  4 dart slugs
  4 worms (D:2)
  2 orcs (D:3)
  3 ball pythons
  4 endoplasms
  3 giant cockroaches
  8 goblins
  12 hobgoblins
  4 jackals
  3 quokkas
  5 bats
  4 frilled lizards
  6 kobolds
  7 rats
82 creatures vanquished.

Notes
Turn   | Place    | Note
-------+----------+-------------------------------------------
     0 | D:1      | a3don the Gargoyle Fighter began the quest for the Orb.
     0 | D:1      | Reached XP level 1. HP: 14/14 MP: 1/1
   550 | D:1      | Reached XP level 2. HP: 12/19 MP: 2/2
  1182 | D:1      | Reached XP level 3. HP: 23/23 MP: 3/3
  1713 | D:2      | Reached XP level 4. HP: 25/29 MP: 4/4
  2182 | D:3      | Noticed Ijyb
  2191 | D:3      | Killed Ijyb
  2194 | D:3      | Reached XP level 5. HP: 14/33 MP: 5/5
  2787 | D:3      | Noticed a centaur
  2800 | D:3      | Killed a centaur
  2801 | D:3      | Reached XP level 6. HP: 8/39 MP: 6/6
  3174 | D:3      | Found Myseon's General Store.
  3180 | D:3      | Bought a potion of curing for 33 gold pieces
  3180 | D:3      | Bought a scroll of enchant armour for 82 gold pieces
  3850 | D:4      | Found Nuigg's Antique Weapon Boutique.
  3869 | D:4      | HP: 2/40 [ogre (2)]
  4166 | D:3      | HP: 2/40 [ogre (5)]
  4167 | D:3      | Mangled by an ogre

Illustrated notes

Levels and vault maps discovered:
D:1:      amcnicky_arrival_double_pillar, layout_rooms
D:2:      layout_basic
D:3:      layout_basic, serial_shops, shop, serial_rivers,
          chequers_serial_rivers_small_3, chequers_serial_rivers_room_a,
          chequers_serial_rivers_micro_a, chequers_serial_rivers_micro_e,
          chequers_serial_rivers_marsh, chequers_serial_rivers_micro_c,
          uniq_ijyb
D:4:      layout_basic, nzn_wu_jian_contemplation, serial_shops,
          nicolae_shop_behind_doors, nicolae_shop_stone, shop_statue, shop,
          enter_ossuary_3, sigmund_army

Skill      XL: |  1  2  3  4  5 |
---------------+----------------+-----
Shields        | 4 |  4.9
Armour         | 4 |  4.9
Fighting       | 4 |  4.8
Maces & Flails | 3 |  3.7

Action                   |  1- 3 |  4- 6 || total
-------------------------+-------+-------++-------
Melee: Flail             |   123 |   168 ||   291
Throw: Throwing net      |       |     1 ||     1
Evoke: Wand              |       |     1 ||     1
  Use: Potion            |       |     1 ||     1
Armor: Scale mail        |    18 |       ||    18
       Chain mail        |    73 |   127 ||   200
Dodge: Dodged            |    53 |    70 ||   123
       Repelled          |       |     2 ||     2
Block: Buckler           |    34 |    44 ||    78

Table legend: (Time is in decaauts)
 A = Elapsed time spent in this place.
 B = Non-inter-level travel time spent in this place.
 C = Inter-level travel time spent in this place.
 D = Time resting spent in this place.
 E = Time spent auto-exploring this place.
 F = Levels seen in this place.
 G = Mean time per level.
                   A        B        C        D        E       F      G
               +--------+--------+--------+--------+--------+-----+--------+
         Total |   4258 |   4186 |     72 |   1418 |   1940 |   4 | 1064.5 |
       Dungeon |   4258 |   4186 |     72 |   1418 |   1940 |   4 | 1064.5 |
               +--------+--------+--------+--------+--------+-----+--------+

Top non-repeatable levels by time:
     D:3: 1774 daAuts
     D:1: 1426 daAuts
     D:2: 779 daAuts
     D:4: 278 daAuts
